 Dungeon Sprint DCSS version 0.03.2.1-42-g860841ac0a (webtiles) character file.

Game seed: 12124437534702301601, levelgen mode: deterministic

9854 esc the Sharpshooter (level 11, -2/99 HPs) Octopode Hunter. Began on Jan 25, 2021. Was an Initiate of Gozag Ym Sagoz. Slain by a deep elf blademaster ... wielding a +0 short sword (19 damage) ... in the Dungeon (Sprint V: "Ziggurat Sprint"). The game lasted 00:07:54 (775 turns).

esc the Sharpshooter (Octopode Hunter)               Turns: 775, Time: 00:07:54

Health: -2/99      AC:  1    Str: 23    XL:     11 ^: 4294
Magic:  20/20      EV: 11    Int: 20    God:    Gozag Ym Sagoz
Gold:   5490       SH: 31    Dex: 25    Spells: 10/10 levels left

rFire    . . .     Vision   +   D - +9 ballista "Sniper" {velocity, Acc+∞ +Vis}
rCold    . . .     Gourm    .   E - +18 shield of the Gong {rElec rN+ MR+ EV-5}
rNeg     + . .     Faith    .   (helmet restricted)
rPois    +         Spirit   .   (no amulet)
rElec    +         Reflect  .   x - ring of dexterity
rCorr    .         Harm     .   y - ring of dexterity
MR       +....     NoTele   +   M - ring "Log Larhusic" {rElec MP+9 Str+2}
Stlth    +++.......             A - ring of intelligence
HPRegen  0.43/turn              B - ring of strength
MPRegen  0.30/turn              C - ring of strength
                                J - ring of poison resistance
                                G - ring of evasion

@: gold aura, studying Air Magic
A: almost no armour, stealthy swim, amphibious, 8 rings, constrict 8, camouflage
1, gelatinous body 1
a: Potion Petition, Call Merchant, Bribe Branch, Renounce Religion


You were in the Dungeon.
You worshipped Gozag Ym Sagoz.
Gozag Ym Sagoz was greatly pleased with you.
You were not hungry.

You visited 1 branch You collected 5490 gold pieces.

Inventory:

Weapons
 D - the +9 ballista "Sniper" (weapon) {velocity, Acc+∞ +Vis}
   (You found it in the Dungeon)

   Any bolt fired from it inflicts extra damage.
   It improves your vision.
   Shields
 a - the +7 heater shield "Adoaptom" {rF++}
   (You found it in the Dungeon)

   Base shield rating: 8 Skill to remove penalty: 15.0 It greatly protects you
   from fire.
 E - the +18 shield of the Gong (shield) {rElec rN+ MR+ EV-5}
   (You found it in the Dungeon)

   Base shield rating: 8 Skill to remove penalty: 15.0 It affects your evasion
   (-5).
   It insulates you from electricity.
   It protects you from negative energy.
   It affects your resistance to hostile enchantments.
 L - the +3 warlock's mirror {reflect}
   (You found it in the Dungeon)

   Base shield rating: 3 Skill to remove penalty: 4.0 With your current SH, it
   has a 0% chance to reflect enchantments and other normally unblockable
   effects.
Jewellery
 x - a ring of dexterity (left tentacle)
 y - a ring of dexterity (right tentacle)
 A - a ring of intelligence (on tentacle)
 B - a ring of strength (on tentacle)
 C - a ring of strength (on tentacle)
 G - a ring of evasion (on tentacle)
 J - a ring of poison resistance (on tentacle)
 M - the ring "Log Larhusic" (on tentacle) {rElec MP+9 Str+2}
   (You found it in the Dungeon)

   [ring of magical power]

   It affects your strength (+2).
   It insulates you from electricity.
   It affects your magic capacity (+9).
Wands
 u - a wand of disintegration (7)
 v - a wand of iceblast (7)
 w - a wand of acid (7)
 F - a wand of flame (1)
Scrolls
 i - 4 scrolls of blinking
 p - 4 scrolls of amnesia
 q - 6 scrolls of fog
 r - a scroll of holy word
 s - 4 scrolls of bless item
 t - 2 scrolls of fear
Potions
 d - 9 potions of curing
 e - 12 potions of heal wounds
 f - 6 potions of haste
 g - 7 potions of magic
 h - 3 potions of berserk rage
 j - 2 potions of brilliance
 k - 2 potions of invisibility
 l - 4 potions of resistance
 n - 5 potions of agility
 o - 5 potions of might
Books
 I - a manual of Air Magic
Miscellaneous
 b - 2 phantom mirrors
 m - a lantern of shadows
 H - a sack of spiders
 K - a box of beasts
Comestibles
 c - 7 rations


   Skills:
 + Level 18.6 Fighting
 + Level 18.9 Crossbows
 - Level 2.1 Dodging
 - Level 1.3 Stealth
 + Level 11.3 Shields


You had 10 spell levels left.
You didn't know any spells.
Your spell library contained the following spells:

 Spells                   Type           Power        Failure   Level  Hunger
 Summon Small Mammal      Summ           0 (25)       30%         1    ##.....
 Call Imp                 Summ           0 (100)      43%         2    ###....
 Blinding Spray           Hex/Pois       0 (50)       67%         3    ####...
 Call Canine Familiar     Summ           0 (100)      67%         3    ####...
 Mephitic Cloud           Pois/Air       0 (100)      67%         3    ####...
 Portal Projectile        Chrm/Tloc      0 (50)       67%         3    ####...
 Recall                   Summ/Tloc      N/A          67%         3    ####...
 Teleport Other           Hex/Tloc       0 (100)      67%         3    ####...
 Animate Dead             Necr           N/A          97%         4    #####..
 Summon Ice Beast         Ice/Summ       0 (100)      97%         4    #####..
 Silence                  Hex/Air        0 (200)      100%        5    ######.
 Summon Lightning Spire   Summ/Air       0 (100)      100%        5    ######.
 Borgnjor's Vile Clutch   Necr/Erth      0 (200)      100%        6    #######
 Cigotuvi's Degeneration  Tmut/Necr      0 (200)      100%        6    #######
 Conjure Ball Lightning   Air            0 (200)      100%        6    #######
 Death Channel            Chrm/Necr      0 (200)      100%        6    #######
 Deflect Missiles         Chrm/Air       0 (200)      100%        6    #######
 Simulacrum               Ice/Necr       0 (200)      100%        6    #######
 Tornado                  Air            0 (200)      100%        9    #######


Dungeon Overview and Level Annotations

Branches:
Dungeon (1/1)

Altars:
Ashenzari
Cheibriados
Dithmenos
Elyvilon
Fedhas Madash
Gozag Ym Sagoz
Hepliaklqana
Kikubaaqudgha
Makhleb
Nemelex Xobeh
Okawaru
Qazlal
Ru
Sif Muna
Trog
Uskayaw
Vehumet
Wu Jian
Xom
Yredelemnul
Zin
The Shining One
Beogh
Jiyva
Lugonu


Innate Abilities, Weirdness & Mutations

You cannot wear most types of armour.
You are very stealthy in the water. (Stealth+)
You are amphibious.
You can wear up to three rings at the same time.
You can use your tentacles to constrict three enemies at once.
Your skin changes colour to match your surroundings (Stealth+).
Your rubbery body absorbs attacks. (AC +1, EV +1)


Message History

Press: ? - help, Shift-Dir - straight line, f - deep elf blademaster
Aim: a deep elf blademaster, wielding two +0 short swords and wearing a cursed +3 leather armour of fire resistance {(Curse: Fragile)} (blue smoke, healthy (98/98), fast)
You shoot a bolt.
The bolt pierces through the deep elf blademaster (15)!
The deep elf blademaster is lightly wounded. (82/98) HP Your Shields skill increases to level 11!
You feel a bit more experienced.
You block the deep elf blademaster's attack.
PTOANNNG!
You block the deep elf blademaster's attack.
SHROANNG!
The deep elf blademaster hits you with a +0 short sword (26)!!
* * * LOW HITPOINT WARNING * * *
You block the deep elf blademaster's attack.
GONNNNG!
The deep elf blademaster hits you with a +0 short sword (8)!
* * * LOW HITPOINT WARNING * * *
The deep elf blademaster hits you with a +0 short sword (19)!!
You die...
Your body crumbles into a pile of gold.

▓...)])[..▓.
▓..eeeec..▓..[))....▓.
▓....e....▓.........▓.
▓...e.....▓.........▓.
▓...e.....▓.........▓.
▓...§§§...▓.........▓.
▓..§e§§§..▓.........▓.
▓.▓§§e§§▓.▓.........▓.
▓..§§@§§..▓....©....▓▓
▓▓▓▓▓▓▓▓▓▓▓▓▓▓▓▓▓▓▓▓▓


You could see a deep elf blademaster and a deep elf high priest.

Vanquished Creatures
  A deep elf death mage (D)
  An emperor scorpion (D)
  A thrashing horror (D)
  A naga mage (D)
  A black mamba (D)
  A moth of wrath (D)
  2 ugly things (D)
  A spiny frog (D)
  3 wolf spiders (D)
  2 hornets (D)
  An ancient zyme (D)
  A jumping spider (D)
  4 merfolk (D)
  2 hippogriffs (D)
  A tarantella (D)
  A basilisk (shapeshifter) (D)
  5 yaks (D)
  A basilisk (D)
  An acid dragon (shapeshifter) (D)
  A redback (D)
  2 nagas (D)
  A guardian mummy (D)
  A slime creature (D)
  2 water moccasins (D)
  A floating eye (D)
  3 porcupines (D)
  A sky beast (shapeshifter) (D)
  An eye of draining (D)
  A swamp drake (shapeshifter) (D)
  A crocodile (D)
  A crocodile (shapeshifter) (D)
  A bullfrog (D)
  2 centaurs (D)
  2 quasits (D)
  A jelly (D)
  2 iguanas (D)
  2 mummies (D)
  A sewer rat (D)
  2 white imps (D)
  A jackal (D)
  A quokka (D)
  A ball python (D)
  A bat skeleton (D)
  A bat zombie (D)
65 creatures vanquished.

Vanquished Creatures (others)
  A spatial maelstrom (D)
1 creature vanquished.

Grand Total: 66 creatures vanquished

Notes
Turn   | Place    | Note
-------+----------+-------------------------------------------
     0 | D        | esc the Octopode Hunter began the quest for the Orb.
     0 | D        | Reached XP level 1. HP: 14/14 MP: 1/1
     2 | D        | Found a blossoming altar of Fedhas.
     3 | D        | Found the +6 Majin-Bo {vampiric, corrupt archmagi; MP+6
                  | Int+6}
     3 | D        | Found the +9 ballista "Sniper" {velocity, Acc+∞ +Vis}
     3 | D        | Found the +10 dark maul {crush}
     3 | D        | Found the +15 Maxwell's patent armour {-Cast -Tele rElec
                  | MR+ rCorr}
     3 | D        | Found the +18 shield of the Gong {rElec rN+ MR+ EV-5}
     3 | D        | Found the +14 obsidian axe {chop, +Fly +Vis Soulbond}
     3 | D        | Found the +7 great mace "Firestarter" {inner flame, rF++}
     3 | D        | Found the +6 shillelagh "Devastator" {shatter}
     3 | D        | Found the +11 plutonium sword {*Contam Stlth-}
     3 | D        | Found the +8 lance "Wyrmbane" {slay drac, rPois rF+ rC+
                  | AC+3}
     3 | D        | Found the +9 sword of Zonguldrok {reap}
     3 | D        | Found the +13 scythe of Curses {drain, Soulbond}
     3 | D        | Found the +0 sword of Power
     3 | D        | Found the +7 mace of Variability {chain chaos}
     3 | D        | Found the +7 Singing Sword {penetrate, sonic wave}
     3 | D        | Found the +8 storm bow {elec, penet}
     5 | D        | Found a shimmering blue altar of Sif Muna.
     5 | D        | Found a sacrificial altar of Ru.
     5 | D        | Found a bloodstained altar of Trog.
     5 | D        | Found a stormy altar of Qazlal.
     5 | D        | Found an iron altar of Okawaru.
     5 | D        | Found a sparkling altar of Nemelex Xobeh.
     7 | D        | Found a transporter.
     7 | D        | Found an ancient bone altar of Kikubaaqudgha.
     7 | D        | Found a viscous altar of Jiyva.
     7 | D        | Found a corrupted altar of Lugonu.
     7 | D        | Found a hazy altar of Hepliaklqana.
     7 | D        | Found a burning altar of Makhleb.
     7 | D        | Found an opulent altar of Gozag.
    23 | D        | Banished a spatial maelstrom
    39 | D        | Reached skill level 5 in Fighting
    39 | D        | Reached XP level 2. HP: 24/24 MP: 2/2
    48 | D        | Became a worshipper of Gozag Ym Sagoz the Greedy
    60 | D        | Entered arena 2.
    60 | D        | Noticed a yak
    60 | D        | Found a transporter.
    62 | D        | Reached XP level 3. HP: 30/30 MP: 3/3
    63 | D        | Killed a yak
    63 | D        | Reached XP level 4. HP: 40/40 MP: 4/4
    63 | D        | Reached XP level 5. HP: 45/45 MP: 5/5
    73 | D        | Entered arena 3.
    73 | D        | Noticed a sky beast
    73 | D        | Noticed an acid dragon
    73 | D        | Noticed a purple ugly thing
    73 | D        | Found a transporter.
    74 | D        | Killed an acid dragon
    74 | D        | Reached skill level 10 in Fighting
    74 | D        | Reached skill level 10 in Crossbows
    74 | D        | Reached XP level 6. HP: 54/54 MP: 6/6
    76 | D        | Killed a purple ugly thing
    76 | D        | Reached XP level 7. HP: 63/63 MP: 7/7
    89 | D        | Got the +7 heater shield "Adoaptom" {rF++}
    94 | D        | Got Zudamnuv's Theurgy, Part Three
    96 | D        | Entered arena 4.
    96 | D        | Found a transporter.
    99 | D        | Reached XP level 8. HP: 70/70 MP: 0/8
   139 | D        | Entered arena 5.
   139 | D        | Noticed a green ugly thing
   139 | D        | Found a transporter.
   145 | D        | Killed a green ugly thing
   292 | D        | Entered arena 6.
   292 | D        | Found a transporter.
   293 | D        | Reached XP level 9. HP: 79/79 MP: 9/9
   318 | D        | Entered arena 7.
   318 | D        | Noticed a thrashing horror
   319 | D        | Reached skill level 15 in Crossbows
   321 | D        | Killed a thrashing horror
   321 | D        | Reached skill level 15 in Fighting
   326 | D        | Found a transporter.
   480 | D        | Entered arena 8.
   483 | D        | Reached skill level 5 in Shields
   484 | D        | Found a transporter.
   503 | D        | Entered arena 9.
   503 | D        | Noticed a black mamba
   503 | D        | Noticed a naga mage
   504 | D        | Reached XP level 10. HP: 88/88 MP: 10/10
   505 | D        | Killed a naga mage
   507 | D        | Killed a black mamba
   508 | D        | Found a transporter.
   525 | D        | Got the cursed ring "Beviuv" {rPois Stlth+, (Curse: rF-)}
   534 | D        | Entered arena 10.
   535 | D        | Found the +3 warlock's mirror {reflect}
   542 | D        | Found a transporter.
   575 | D        | Entered arena 11.
   581 | D        | Found a transporter.
   602 | D        | Got the cursed ring "Log Larhusic" {rElec MP+9 Str+2,
                  | (Curse: Dex-3)}
   640 | D        | Entered arena 12.
   640 | D        | Noticed an emperor scorpion
   642 | D        | Noticed a moth of wrath
   643 | D        | Reached XP level 11. HP: 96/96 MP: 11/11
   644 | D        | Killed an emperor scorpion
   644 | D        | Reached skill level 10 in Shields
   660 | D        | Found a transporter.
   770 | D        | Entered arena 13.
   770 | D        | Noticed a deep elf annihilator
   770 | D        | Noticed a deep elf master archer
   770 | D        | Noticed a deep elf death mage
   770 | D        | Noticed a deep elf high priest
   771 | D        | Noticed a deep elf archer
   772 | D        | Noticed a deep elf blademaster
   772 | D        | Noticed a deep elf mage
   775 | D        | Killed a deep elf death mage
   775 | D        | Slain by a deep elf blademaster

Levels and vault maps discovered:
D:        sprint_v [room_start, room_1, room_2, room_3, room_4, room_5, room_6,
          room_7, room_8, room_9, room_10, room_11, room_12, room_13, room_14,
          room_15, room_16, room_17, room_18, room_19, room_20, room_21,
          room_22, room_23, room_24, room_25, room_26, room_27]

Skill      XL: |  1  2  3  4  5  6  7  8  9 10 11 |
---------------+----------------------------------+-----
Fighting       | 5 8 10 12 14 16 17 18 | 18.6
Crossbows      | 6 7 9 10 12 13 14 16 17 18 | 18.9
Shields        | 4 5 9 11 | 11.3
Dodging        | |  2.1
Stealth        | |  1.3

Action                   |  1- 3 |  4- 6 |  7- 9 | 10-12 || total
-------------------------+-------+-------+-------+-------++-------
 Fire: Ballista          |     3 |     3 |    28 |    27 ||    61
  Use: Potion            |     1 |       |     1 |     2 ||     4
       Scroll            |       |       |       |     2 ||     2
Armor: Skin              |       |       |     3 |       ||     3
Dodge: Dodged            |       |       |     2 |     1 ||     3
Block: Heater shield     |       |       |    22 |    23 ||    45
